 Dungeon Crawl Stone Soup version 0.29-a0-925-g0a7a3d12f8 (webtiles) character file.

Game seed: 8931294396012883415

248 mcwallace the Sneak (level 6, -3/32 HPs)
             Began as a Vine Stalker Brigand on July 28, 2022.
             Slain by Pikel
             ... wielding a +1 whip of flaming
              (7 damage)
             ... on level 4 of the Dungeon.
             The game lasted 00:06:32 (3357 turns).

mcwallace the Sneak (Vine Stalker Brigand)          Turns: 3357, Time: 00:06:32

Health: -3/32      AC:  5    Str:  9    XL:     6   Next: 12%
Magic:  0/10       EV: 12    Int: 19    God:
Gold:   194        SH:  0    Dex: 16    Spells: 9/9 levels left

rFire   . . .      SeeInvis .   a - +2 dagger {short}
rCold   . . .      Faith    .   (no shield)
rNeg    . . .      Spirit   +   b - +0 robe
rPois   .          Reflect  .   G - +1 helmet of Integrity {Str-4 Int+6}
rElec   .          Harm     .   c - +0 cloak
rCorr   .          Rampage  .   (no gloves)
Will    .....                   (no boots)
Stlth   +++.......              (no amulet)
HPRegen 0.90/turn               I - ring of flight
MPRegen 0.12/turn               (no ring)

@: flying
A: fangs 2, regeneration 1, magic shield, antimagic bite, no potion heal 2
a: no special abilities


You were on level 4 of the Dungeon.
You visited 1 branch of the dungeon, and saw 4 of its levels.

You collected 194 gold pieces.


Innate Abilities, Weirdness & Mutations

You have extremely sharp teeth.
Your natural rate of healing is unusually fast.
When hurt, damage is shared between your health and your magic reserves.
Your bite disrupts and absorbs the magic of your enemies.
Potions cannot restore your health.


   Skills:
 + Level 2.9 Fighting
 + Level 2.9 Short Blades
 - Level 1.7 Throwing
 + Level 2.2 Dodging
 + Level 5.7 Stealth
 + Level 2.4 Spellcasting


You had 9 spell levels left.
You didn't know any spells.
Your spell library contained the following spells:

 Spells                   Type           Power      Damage    Failure   Level
 Conjure Ball Lightning   Conj/Air       1%         3x3d6     100%        6
 Discord                  Hex            1%         N/A       100%        8
 Disjunction              Tloc           1%         N/A       100%        8

Inventory:

Hand Weapons
 a - a +2 dagger (weapon) {short}
 x - a +1 spear of venom {polearm}
   (You found it on level 3 of the Dungeon)
Missiles
 d - 9 poisoned darts {throwing}
 e - a curare-tipped dart (quivered) {=fthrowing}
 g - 6 stones {throwing}
 B - 2 throwing nets {=f!fthrowing}
Armour
 b - a +0 robe (worn)
 c - a +0 cloak (worn)
 h - a +0 scale mail
   (You took it off an orc on level 3 of the Dungeon)
 k - a +0 scale mail
   (You took it off an orc on level 3 of the Dungeon)
 n - a +0 helmet
   (You found it on level 1 of the Dungeon)
 t - a +0 leather armour
   (You found it on level 2 of the Dungeon)
 w - a +0 scale mail
   (You took it off Terence on level 3 of the Dungeon)
 F - a +0 ring mail
   (You found it on level 3 of the Dungeon)
 G - the +1 helmet of Integrity (worn) {Str-4 Int+6}
   (You found it on level 4 of the Dungeon)

   Str:       It affects your strength (-4).
   Int:       It affects your intelligence (+6).
 H - a +0 ring mail
   (You found it on level 4 of the Dungeon)
Jewellery
 I - a ring of flight (left hand)
   (You found it on level 4 of the Dungeon)
Wands
 z - a wand of roots (11)
   (You found it on level 3 of the Dungeon)
Scrolls
 f - 3 scrolls of teleportation {@r4}
 i - 2 scrolls of poison {unknown}
 l - a scroll of amnesia {unknown}
 o - a scroll of enchant armour {unknown}
 s - a scroll of noise {unknown}
 u - a scroll of brand weapon {unknown}
 v - a scroll of vulnerability {unknown}
 y - a scroll of immolation {unknown}
 A - a scroll of magic mapping {unknown}
 C - 2 scrolls of summoning {unknown}
 D - 2 scrolls of identify {unknown}
 E - a scroll of blinking {unknown}
Potions
 j - 2 potions of mutation {unknown}
 m - a potion of brilliance {unknown}
 p - a potion of haste {unknown}
 q - 3 potions of curing {unknown}
 r - 3 potions of lignification {unknown}
 J - a potion of cancellation {unknown}

Dungeon Overview and Level Annotations

Branches:
Dungeon (4/15) Zot: 20681
 Temple: D:4-7

Altars:
Fedhas

Annotations:
D:3 2 runed translucent doors, xian's ghost, amateur SpCj
D:4 Pikel

...#.##..#.......#
#.
.....###.........#
#. ...#.#
#.........#
#######. ...# #
##....#.#5#
#####....... ..##
#.####.#5#
#.....###### ###
#..# #.#5# #.....#
##.# #.#5# #.....#
#.###.#K# #.....#
#..##.#@# #.....#
##.##.#.#
###.....#
#..#.#.###....##.#
##.#)#...........#
#...#...#....####
#####..#####....#
#......>.........#
#.......######.###
........# #.#


You could see Pikel (poisoned, slow) and 4 lemures.


Message History

You take 2 damage, and now have 29/32 hp.
You lost 1 mp, and now have 7/10 mp.
You hit Pikel but do no damage. Your bite misses Pikel. 😕 HP[+1]
You hit Pikel.
Pikel closely misses you. 😕 HP[+1] MP[+1]
You hit Pikel but do no damage.
Pikel hits you with a +1 whip of flaming!
Pikel burns you. 😮 HP[-9] MP[-2]
You take 9 damage, and now have 22/32 hp.
MASSIVE DAMAGE!! (PAUSE)
You lost 2 mp, and now have 6/10 mp.
You hit Pikel but do no damage. Your bite misses Pikel.
Pikel misses you. 😮 HP[+1]
You hit Pikel but do no damage. You bite Pikel. You drain his power.
You feel invigorated.
Pikel says, "Hell isn't that bad."
Pikel hits you but does no damage. 😮 HP[+1] MP[+4]
Your mp is fully restored (10).
You hit Pikel but do no damage. You bite Pikel, but do no damage.
Pikel hits you with a +1 whip of flaming.
Pikel burns you. 😮 HP[-4] MP[-2]
You take 4 damage, and now have 20/32 hp.
You lost 2 mp, and now have 8/10 mp.
You hit Pikel. You bite Pikel. You drain his power.
You feel invigorated.
Pikel barely misses you. 😮 HP[+1] MP[+2]
Your mp is fully restored (10).
You barely miss Pikel. You bite Pikel, but do no damage.
You closely miss Pikel.
Pikel hits you with a +1 whip of flaming.
Pikel burns you. 😮 HP[-4] MP[-3]
You take 4 damage, and now have 17/32 hp.
You lost 3 mp, and now have 7/10 mp.
You hit Pikel but do no damage. Your bite misses Pikel.
Pikel hits you with a +1 whip of flaming!
* * * LOW HITPOINT WARNING * * *
Pikel burns you.
* * * LOW HITPOINT WARNING * * *
😱 HP[-9] MP[-3]
You take 9 damage, and now have 8/32 hp.
MASSIVE DAMAGE!! (PAUSE)
You lost 3 mp, and now have 4/10 mp.
Aiming: Fastroot
Press: ? - help, Q - select action, (/) - cycle Shift-Dir - straight line, f - lemure
Aim: a lemure (heavily wounded)
Okay, then.
Throw: 3 darts (curare) {=fthrowing}
Press: ? - help, Q - select action, (/) - cycle Shift-Dir - straight line, f - Pikel
Aim: Pikel, wielding a +1 whip of flaming and wearing a +0 robe (heavily wounded, 53% to hit)
You throw a curare-tipped dart {=fthrowing}.
The curare-tipped dart {=fthrowing} misses Pikel.
The curare-tipped dart {=fthrowing} misses the lemure.
The curare-tipped dart {=fthrowing} hits the lemure.
The lemure is poisoned.
The lemure convulses.
The lemure seems to slow down.
Pikel hits you but does no damage. 😨 HP[+1] Throw: 2 darts (curare) {=fthrowing}
Press: ? - help, Q - select action, (/) - cycle Shift-Dir - straight line, f/p - Pikel
Aim: Pikel, wielding a +1 whip of flaming and wearing a +0 robe (moderately wounded, 53% to hit)
You throw a curare-tipped dart {=fthrowing}.
The curare-tipped dart {=fthrowing} hits Pikel.
Pikel is poisoned.
Pikel convulses.
Pikel seems to slow down.
Pikel hits you with a +1 whip of flaming.
* * * LOW HITPOINT WARNING * * *
Pikel burns you. 😱 HP[-2] MP[-2]
You take 2 damage, and now have 7/32 hp.
You lost 2 mp, and now have 2/10 mp.
You hit Pikel but do no damage. 😱 HP[+1]
You hit Pikel but do no damage. Pikel completely misses you. 😨 HP[+1]
You hit Pikel but do no damage. Your bite misses Pikel. 😨 HP[+1]
You hit Pikel but do no damage. You bite Pikel, but do no damage.
Pikel closely misses you.
You hit Pikel but do no damage.
Pikel barely misses you. 😨 HP[+1] MP[+1]
You hit Pikel but do no damage. Your bite misses Pikel. 😨 HP[+1]
You hit Pikel. Your bite misses Pikel. Pikel closely misses you. 😨 HP[+1]
You hit Pikel but do no damage.
Pikel hits you with a +1 whip of flaming!
* * * LOW HITPOINT WARNING * * *
Pikel burns you.
* * * LOW HITPOINT WARNING * * *
😱 HP[-10] MP[-2]
You take 10 damage, and now have 3/32 hp.
MASSIVE DAMAGE!! (PAUSE)
You lost 2 mp, and now have 1/10 mp.
You closely miss Pikel. You hit Pikel.
Pikel hits you with a +1 whip of flaming!
You die...

Skill      XL: |  1  2  3  4  5 |
---------------+----------------+-----
Dodging        | 1 2 |  2.2
Fighting       | 2 |  2.9
Short Blades   | 2 |  2.9
Spellcasting   | 1 2 |  2.4
Stealth        | 5 |  5.7
Throwing       | |  1.7

Action                   |  1- 3 |  4- 6 || total
-------------------------+-------+-------++-------
Melee: Dagger            |   119 |   193 ||   312
       Bite              |    26 |    60 ||    86
       Punch             |     1 |     2 ||     3
Throw: Dart              |       |     2 ||     2
  Use: Scroll            |       |     1 ||     1
 Stab: Sleeping          |     9 |    10 ||    19
       Distracted        |       |     1 ||     1
Armor: Robe              |    14 |    30 ||    44
Dodge: Dodged            |    63 |   101 ||   164

Levels and vault maps discovered:
D:1:      nagdon_arrival_double_spiral, layout_loops_ring,
          shapermc_ecumenical_altar_mp_urbaneastern, minmay_tree_intersection
D:2:      layout_basic, minmay_distorted
D:3:      minmay_razor_zed, layout_loops_ring, mainiacjoe_overflow_24_doors,
          ebering_ghost_sewer_f, nicolae_figureground_pulse, uniq_terence
D:4:      layout_basic, temple_doors_e, chequers_decorated_corner, uniq_pikel

Notes
Turn   | Place    | Note
-------+----------+-------------------------------------------
     0 | D:1      | mcwallace the Vine Stalker Brigand began the quest for the
                  | Orb.
     0 | D:1      | Reached XP level 1. HP: 11/11 MP: 2/2
     0 | D:1      | magus.rc [v1.9.6]
   322 | D:1      | Reached skill level 1 in Dodging
   368 | D:1      | Reached skill level 2 in Fighting
   368 | D:1      | Reached skill level 2 in Short Blades
   368 | D:1      | Reached XP level 2. HP: 9/15 MP: 1/3
   821 | D:1      | Found a faded altar of an unknown god.
   892 | D:1      | Reached skill level 1 in Spellcasting
   936 | D:1      | Reached XP level 3. HP: 16/18 MP: 5/5
  1285 | D:2      | Reached skill level 5 in Stealth
  1667 | D:2      | You pick up a book of Chaos and begin reading...
  1667 | D:2      | You add the spells Conjure Ball Lightning, Disjunction and
                  | Discord to your library.
  1743 | D:2      | Gained mutation: Your natural rate of healing is unusually
                  | fast. [Vine Stalker growth]
  1743 | D:2      | Reached XP level 4. HP: 23/23 MP: 7/7
  1895 | D:3      | Noticed Terence
  1898 | D:3      | Killed Terence
  2134 | D:3      | Reached XP level 5. HP: 25/27 MP: 6/8
  2219 | D:3      | Reached skill level 2 in Spellcasting
  2296 | D:3      | Found a blossoming altar of Fedhas.
  2513 | D:3      | Found a runed translucent door.
  2517 | D:3      | Noticed xian's ghost (amateur SpCj)
  2572 | D:3      | Reached skill level 2 in Dodging
  2885 | D:3      | Found a runed translucent door.
  3017 | D:4      | Reached XP level 6. HP: 32/32 MP: 10/10
  3049 | D:4      | Identified the +1 helmet of Integrity {Str-4 Int+6}
  3316 | D:4      | Noticed Pikel
  3345 | D:4      | HP: 8/32 [Pikel/+1 whip of flaming (3)]
  3355 | D:4      | HP: 5/32 [Pikel/+1 whip of flaming (9)]
  3357 | D:4      | Slain by Pikel

Vanquished Creatures
  A hound (D:3)
  Terence (D:3)
  4 gnolls
  4 adders
  3 worms
  3 dart slugs
  5 orcs (D:3)
  11 endoplasms
  5 giant cockroaches
  10 goblins
  10 hobgoblins
  5 jackals (D:3)
  4 kobolds
  5 quokkas
  8 ball pythons
  5 bats
  3 frilled lizards
  6 rats
93 creatures vanquished.

Vanquished Creatures (others)
  A fungus (D:1)
  A plant (D:1)
2 creatures vanquished.

Grand Total: 95 creatures vanquished

Table legend:
 A = Non-vault XP
 B = Vault XP
 C = Vault XP percentage of total XP
 D = Non-vault monster count
 E = Vault monster count
 F = Vault count percentage of total count
                 A         B        C        D         E       F
            +---------+---------+-------+---------+---------+-------
      Total |     253 |     102 |  28.7 |      75 |      18 |  19.4
            +---------+---------+-------+---------+---------+-------
        D:1 |      45 |       0 |   0.0 |      26 |       0 |   0.0
        D:2 |      36 |       2 |   5.3 |      19 |       1 |   5.0
        D:3 |      93 |     100 |  51.8 |      20 |      17 |  45.9
        D:4 |      79 |       0 |   0.0 |      10 |       0 |   0.0
            +---------+---------+-------+---------+---------+-------

Illustrated notes

Table legend:
 A = Kills in this place as a percentage of kills in entire the game.
 B = Kills by you in this place as a percentage of kills by you in the entire game.
 C = Kills by friends in this place as a percentage of kills by friends in the entire game.
 D = Other kills in this place as a percentage of other kills in the entire game.
 E = Experience gained in this place as a percentage of experience gained in the entire game.
 F = Experience gained in this place divided by the number of levels of this place that you have seen.
                   A       B       C       D       E      F
               +-------+-------+-------+-------+-------+----------------------
         Total | 100.0 | 100.0 |   N/A |   N/A | 100.0 |  88.8
       Dungeon | 100.0 | 100.0 |   N/A |   N/A | 100.0 |  88.8
               +-------+-------+-------+-------+-------+----------------------

Table legend: (Time is in decaauts)
 A = Elapsed time spent in this place.
 B = Non-inter-level travel time spent in this place.
 C = Inter-level travel time spent in this place.
 D = Time resting spent in this place.
 E = Time spent auto-exploring this place.
 F = Levels seen in this place.
 G = Mean time per level.
                   A        B        C        D        E       F      G
               +--------+--------+--------+--------+--------+-----+--------+
         Total |   3317 |   3261 |     56 |      0 |   2609 |   4 |  829.2 |
       Dungeon |   3317 |   3261 |     56 |      0 |   2609 |   4 |  829.2 |
               +--------+--------+--------+--------+--------+-----+--------+

Top non-repeatable levels by time:
     D:1: 1267 daAuts
     D:3: 1021 daAuts
     D:2: 614 daAuts
     D:4: 413 daAuts
